 Dungeon Crawl Stone Soup version 0.27.1-4-g1640c2035a (webtiles) character file.

Game seed: 13057536367146407893

77 Crownlay the Slasher (level 4, 0/37 HPs)
             Began as a Minotaur Gladiator on Nov 2, 2021.
             Slain by a gnoll (14 damage)
             ... on level 2 of the Dungeon.
             The game lasted 00:01:24 (1615 turns).

Crownlay the Slasher (Minotaur Gladiator)           Turns: 1615, Time: 00:01:24

Health: 0/37       AC:  3    Str: 18    XL:     4   Next: 13%
Magic:  3/3        EV: 12    Int:  5    God:
Gold:   18         SH:  0    Dex: 13    Spells: 3/3 levels left

rFire    . . .     SeeInvis .   a - +0 long sword
rCold    . . .     Faith    .   (no shield)
rNeg     . . .     Spirit   .   b - +0 leather armour
rPois    .         Reflect  .   c - +0 hat
rElec    .         Harm     .   (no cloak)
rCorr    .         Rampage  .   (no gloves)
Will     .....                  (no boots)
Stlth    +.........             (no amulet)
HPRegen  0.12/turn              (no ring)
MPRegen  0.08/turn              (no ring)

@: no status effects
A: horns 2, retaliatory headbutt
a: no special abilities


You were on level 2 of the Dungeon.
You visited 1 branch of the dungeon, and saw 2 of its levels.

You collected 42 gold pieces.
You spent 24 gold pieces at shops.

Inventory:

Hand Weapons
 a - a +0 long sword (weapon)
Missiles
 d - 3 throwing nets (quivered)
Armour
 b - a +0 leather armour (worn)
 c - a +0 hat (worn)
Scrolls
 e - a scroll of noise {unknown}
 g - a scroll of magic mapping {unknown}
 h - a scroll of teleportation {unknown}
 i - 2 scrolls of identify
 j - 3 scrolls of amnesia
Potions
 f - a potion of invisibility {unknown}
 k - a potion of might {unknown}


   Skills:
 - Level 2.4 Fighting
 * Level 6.1 Long Blades
 - Level 2.0 Throwing
 - Level 3.2 Dodging


You had 3 spell levels left.
You didn't know any spells.
Your spell library was empty.

Dungeon Overview and Level Annotations

Branches:
Dungeon (2/15)

Altars:

Shops:
D:1 ?


Innate Abilities, Weirdness & Mutations

You have a pair of horns on your head.
You reflexively headbutt those who attack you in melee.


Message History

You climb downwards.
The gnoll shouts!
You hear a shout!
Found a stone staircase leading down.
There is a stone staircase leading up here.
A gnoll is nearby!
A gnoll is nearby!
You hit the gnoll.
The gnoll is lightly wounded.
A gnoll comes into view. It is wielding a +0 club.
The gnoll hits you with a +0 flail!
You slash the gnoll! Your headbutt misses the gnoll.
The gnoll is severely wounded.
The gnoll barely misses you.
You riposte.
You barely miss the gnoll. Your headbutt misses the gnoll.
The gnoll is heavily wounded.
You completely miss the gnoll. Your headbutt misses the gnoll.
The gnoll is heavily wounded.
The gnoll barely misses you.
You riposte.
You barely miss the gnoll.
The gnoll is heavily wounded.
You slash the gnoll!
The gnoll is severely wounded.
You hit the gnoll.
The gnoll is almost dead.
The gnoll hits you with a +0 club.
You hit the gnoll.
You kill the gnoll!
The gnoll hits you with a +0 flail.
You barely miss the gnoll. You headbutt the gnoll.
The gnoll is almost dead.
The gnoll closely misses you.
You hit the gnoll.
You kill the gnoll!
A gnoll comes into view. It is wielding a +0 halberd.
Your Long Blades skill increases to level 6!
You have reached level 4!
You feel agile.
You see here a +0 club.
The gnoll hits you with a +0 halberd.
You barely miss the gnoll. The gnoll hits you with a +0 halberd!
You die...

# #. .####
.... #..#
#.g# # #
#.@#.#
#.##.#..#.#
.......)).#
..####.<###
#.># #..#
#... ##.#
#.#


You could see a gnoll.

Vanquished Creatures
  3 gnolls
  2 worms (D:2)
  3 endoplasms
  6 hobgoblins (D:1)
  9 jackals
  5 ball pythons
  3 bats
  A frilled lizard (D:1)
  A goblin (D:1)
  2 kobolds (D:1)
  5 rats (D:1)
40 creatures vanquished.

Notes
Turn   | Place    | Note
-------+----------+-------------------------------------------
     0 | D:1      | Crownlay the Minotaur Gladiator began the quest for the
                  | Orb.
     0 | D:1      | Reached XP level 1. HP: 18/18 MP: 0/0
    91 | D:1      | Reached skill level 4 in Long Blades
    94 | D:1      | Reached XP level 2. HP: 17/25 MP: 1/1
   600 | D:1      | Reached skill level 5 in Long Blades
   600 | D:1      | Reached XP level 3. HP: 30/30 MP: 2/2
   914 | D:1      | You fall into a shaft and drop 1 floor!
  1399 | D:1      | Found Doelesits's Magic Scroll Boutique.
  1408 | D:1      | Bought a scroll of identify for 24 gold pieces
  1612 | D:2      | Reached skill level 6 in Long Blades
  1612 | D:2      | Reached XP level 4. HP: 19/37 MP: 3/3
  1615 | D:2      | Slain by a gnoll

Illustrated notes

Levels and vault maps discovered:
D:1:      elethiomel_arrival_maze, layout_basic, serial_shops, shop
D:2:      layout_loops_ring

Skill      XL: |  1  2  3 |
---------------+----------+-----
Long Blades    | 4 5 6 |  6.1
Fighting       | |  2.4
Throwing       | |  2.0
Dodging        | |  3.2

Action                   |  1- 3 |  4- 6 || total
-------------------------+-------+-------++-------
Melee: Long sword        |    84 |     1 ||    85
       Headbutt          |    17 |       ||    17
  Use: Scroll            |     1 |       ||     1
Armor: Leather armour    |    26 |       ||    26
Dodge: Dodged            |    58 |       ||    58
       Rpst.: Long sword |    23 |       ||    23
